[Event "Turkish Super League 2019"]
[Site "Konya"]
[Date "2019.07.25"]
[Round "9"]
[White "Dordzhieva, Dinara"]
[Black "Maltsevskaya, Aleksandra"]
[Result "1/2-1/2"]
[ECO "E69"]
[WhiteElo "2306"]
[BlackElo "2294"]
[Annotator "NA RC"]
[PlyCount "64"]
[EventDate "2019.07.17"]
[EventType "team-tourn"]
[EventCountry "TUR"]
[SourceTitle "playchess.com"]
[Source "ChessBase"]
[SourceQuality "1"]
[TimeControl "40/5400+30:1800+30"]

1. Nf3 Nf6 2. c4 g6 3. g3 Bg7 4. d4 O-O 5. Bg2 d6 6. Nc3 Nbd7 7. O-O e5 8. e4 c6 9. h3 Qb6 10. Re1 exd4 11. Nxd4 Re8 12. Nc2 Nc5 13. b4 Ncd7 14. Be3 Qd8 15. Nd4 c5 16. bxc5 Nxc5 17. Qc2 Bd7 18. Rad1 Rc8 19. Ndb5 Ncxe4 20. Nxe4 Nxe4 21. Nxa7 Nc3 22. Nxc8 Nxd1 23. Rxd1 Qxc8 24. Qb3 Be6 25. Bxb7 Qxc4 26. Qxc4 Bxc4 27. Bd5 Bxd5 28. Rxd5 Be5 29. a4 Ra8 30. a5 Bc3 31. Bb6 Kf8 32. Rxd6 Bxa5 1/2-1/2

[Event "Turkish Super League 2019"]
[Site "Konya"]
[Date "2019.07.25"]
[Round "9"]
[White "Injac, Teodora"]
[Black "Szczepkowska, Karina"]
[Result "0-1"]
[ECO "A34"]
[WhiteElo "2305"]
[BlackElo "2425"]
[Annotator "ChessBase"]
[PlyCount "82"]
[EventDate "2019.07.17"]
[EventType "team-tourn"]
[EventCountry "TUR"]
[SourceTitle "playchess.com"]
[Source "ChessBase"]
[SourceQuality "1"]
[TimeControl "40/5400+30:1800+30"]

1. Nf3 Nf6 2. c4 c5 3. Nc3 Nc6 4. e3 e5 5. d4 cxd4 6. exd4 e4 7. Ne5 Bb4 8. Be2 Qa5 9. O-O Nxe5 10. dxe5 Qxe5 11. Bd2 Bc5 12. Nb5 O-O 13. b4 Be7 14. g3 b6 15. Bf4 Qf5 16. Nc7 Rb8 17. Nd5 Nxd5 18. Bxb8 Nc3 19. Qc2 Nxe2+ 20. Qxe2 Bxb4 21. Rfd1 Qe6 22. Rab1 Bc5 23. Bf4 Ba6 24. Rdc1 Qf5 25. Qc2 d5 26. Re1 Bxc4 27. Rbd1 h5 28. h4 Rc8 29. Be3 Bd3 30. Qd2 d4 31. Bf4 Ba3 32. Rc1 Bxc1 33. Rxc1 Rxc1+ 34. Qxc1 Be2 35. Kh2 Bf3 36. Qc2 Qa5 37. Qd2 Qb5 38. Qc1 e3 39. Qe1 Qb2 40. Kg1 Qxa2 41. Be5 Qd2 0-1

[Event "Turkish Super League 2019"]
[Site "Konya"]
[Date "2019.07.25"]
[Round "9"]
[White "Sevgi, Volkan"]
[Black "Akdogan, Alperen"]
[Result "1-0"]
[ECO "B03"]
[WhiteElo "2302"]
[BlackElo "2193"]
[Annotator "NA"]
[PlyCount "85"]
[EventDate "2019.07.17"]
[EventType "team-tourn"]
[EventCountry "TUR"]
[SourceTitle "playchess.com"]
[Source "ChessBase"]
[SourceQuality "1"]
[TimeControl "40/5400+30:1800+30"]

1. e4 Nf6 2. e5 Nd5 3. d4 d6 4. c4 Nb6 5. exd6 cxd6 6. Nc3 g6 7. Be3 Bg7 8. Rc1 O-O 9. b3 Bf5 10. g4 Bc8 11. h4 Nc6 12. d5 Ne5 13. Be2 f5 14. gxf5 Bxf5 15. f4 Nf7 16. h5 Qd7 17. hxg6 hxg6 18. a4 e5 19. dxe6 Qxe6 20. Bd4 Nd7 21. Bxg7 Kxg7 22. Qd4+ Qf6 23. Nf3 Rae8 24. Kd2 Rh8 25. Rxh8 Rxh8 26. Nd5 Qxd4+ 27. Nxd4 Nc5 28. Rg1 Kf8 29. b4 Ne4+ 30. Ke3 Rh3+ 31. Bf3 Nd8 32. Nxf5 gxf5 33. Rh1 Rxh1 34. Bxh1 Ng3 35. Bf3 Nf1+ 36. Ke2 Nh2 37. Bh5 Nf7 38. Bxf7 Kxf7 39. Ne3 Ke6 40. Kf2 Ng4+ 41. Nxg4 fxg4 42. Kg3 a5 43. b5 1-0

[Event "Turkish Super League 2019"]
[Site "Konya"]
[Date "2019.07.25"]
[Round "9"]
[White "Eren, Ataberk"]
[Black "Tanriverdi, Enes"]
[Result "1-0"]
[ECO "B85"]
[WhiteElo "2295"]
[BlackElo "2374"]
[Annotator "NA"]
[PlyCount "87"]
[EventDate "2019.07.17"]
[EventType "team-tourn"]
[EventCountry "TUR"]
[SourceTitle "playchess.com"]
[Source "ChessBase"]
[SourceQuality "1"]
[TimeControl "40/5400+30:1800+30"]

1. e4 c5 2. Nf3 e6 3. d4 cxd4 4. Nxd4 Nc6 5. Nc3 Qc7 6. Be2 a6 7. Be3 Nf6 8. O-O Be7 9. f4 d6 10. Kh1 O-O 11. Qe1 Nxd4 12. Bxd4 b5 13. Qg3 Bb7 14. a3 Rad8 15. Rae1 Bc6 16. Bd3 Qd7 17. Re3 e5 18. fxe5 Nh5 19. Qh3 Bg5 20. Qxh5 Bxe3 21. Bxe3 dxe5 22. Qxe5 f6 23. Qh5 Rde8 24. Bf4 Qd4 25. e5 f5 26. Bxf5 g6 27. Bxg6 Re7 28. Qh6 Bxg2+ 29. Kxg2 Rg7 30. Kh1 hxg6 31. Qg5 a5 32. e6 Qc4 33. Qxb5 Qxb5 34. Nxb5 g5 35. Kg2 gxf4+ 36. Kf3 Rh7 37. Rg1+ Kh8 38. Nd6 Rh3+ 39. Kf2 Re3 40. Nf7+ Kh7 41. Rg4 Rg8 42. Ng5+ Kg6 43. Ne4+ Kh7 44. Nf6+ 1-0

[Event "Turkish Super League 2019"]
[Site "Konya"]
[Date "2019.07.25"]
[Round "9"]
[White "Dogan, Nazmi Can"]
[Black "Karagollu, Ahmet"]
[Result "0-1"]
[ECO "A26"]
[WhiteElo "2276"]
[BlackElo "2135"]
[Annotator "NA"]
[PlyCount "144"]
[EventDate "2019.07.17"]
[EventType "team-tourn"]
[EventCountry "TUR"]
[SourceTitle "playchess.com"]
[Source "ChessBase"]
[SourceQuality "1"]
[TimeControl "40/5400+30:1800+30"]

1. Nf3 Nf6 2. c4 g6 3. g3 Bg7 4. Bg2 O-O 5. O-O d6 6. Nc3 Nc6 7. Rb1 a5 8. d3 e5 9. a3 Re8 10. b4 axb4 11. axb4 Nd4 12. Ne1 c6 13. e3 Ne6 14. Nf3 Nf8 15. b5 d5 16. bxc6 bxc6 17. d4 e4 18. Ne5 Ra6 19. cxd5 cxd5 20. Qb3 Be6 21. Ba3 N6d7 22. Nxd7 Qxd7 23. Rfc1 Rea8 24. Bc5 Rc8 25. Ra1 Rxa1 26. Rxa1 Rxc5 27. dxc5 d4 28. Qc2 dxc3 29. Bxe4 Bd5 30. Bd3 Ne6 31. Rd1 Qb7 32. Rb1 Qc7 33. Qa4 Qxc5 34. Rb8+ Bf8 35. Bc2 Bc6 36. Qb3 Ng5 37. Kf1 Bd5 38. Qa4 Bc4+ 39. Kg1 Nf3+ 40. Kg2 Ne1+ 41. Kg1 Bd3 42. Bb3 c2 43. Qe8 Nf3+ 44. Kg2 Ne5 45. Bxc2 Bxc2 46. Rb5 Qc6+ 47. Qxc6 Nxc6 48. f3 f5 49. h3 Bd3 50. Rd5 Bc4 51. Rd1 Ne5 52. Kf2 Bc5 53. Rd8+ Kf7 54. Rc8 Bd5 55. Rc7+ Be7 56. f4 Nd3+ 57. Ke2 Nc5 58. g4 fxg4 59. hxg4 h5 60. gxh5 gxh5 61. Kf2 h4 62. Kg1 Bf3 63. Kh2 Bg4 64. Rc6 Ne4 65. Ra6 Bf6 66. Ra4 Bf5 67. Ra8 h3 68. Ra5 Bg4 69. Ra4 Nc3 70. Rc4 Ne2 71. e4 Bh4 72. Rc7+ Kg8 0-1

[Event "Turkish Super League 2019"]
[Site "Konya"]
[Date "2019.07.25"]
[Round "9"]
[White "Seyhanoglu, Deniz"]
[Black "Uysal, Burak"]
[Result "0-1"]
[ECO "A20"]
[WhiteElo "2115"]
[BlackElo "2228"]
[Annotator "NA"]
[PlyCount "118"]
[EventDate "2019.07.17"]
[EventType "team-tourn"]
[EventCountry "TUR"]
[SourceTitle "playchess.com"]
[Source "ChessBase"]
[SourceQuality "1"]
[TimeControl "40/5400+30:1800+30"]

1. c4 e5 2. g3 c6 3. d4 e4 4. Bg2 d5 5. Nc3 Nf6 6. Bg5 Nbd7 7. cxd5 cxd5 8. Qb3 h6 9. Bf4 Nb6 10. Nb5 Be7 11. Nc7+ Kf8 12. Nxa8 Nxa8 13. Rc1 g5 14. Bd2 Kg7 15. h4 g4 16. e3 Bd6 17. Ne2 Qe7 18. Nf4 Nb6 19. O-O Bd7 20. Rfd1 Ba4 21. Qc3 Rc8 22. Qa5 Bxd1 23. Rxd1 Nc4 24. Qxa7 Bb8 25. Qa8 Qd7 26. Ne2 Bxg3 27. Qxc8 Bxf2+ 28. Kxf2 Qxc8 29. Bc1 Nh5 30. Rf1 Qd8 31. Rh1 Qd6 32. b3 g3+ 33. Ke1 Nb6 34. Bh3 Qf6 35. Rf1 Qxh4 36. Bg2 Qg5 37. Kd2 Nd7 38. Ba3 Qd8 39. Bb4 Qb6 40. a3 Qa6 41. Nc1 Qe6 42. Rh1 Ndf6 43. Bh3 Ng4 44. Rg1 Qg6 45. Bxg4 Qxg4 46. Bd6 g2 47. Ne2 Qf3 48. a4 f5 49. a5 f4 50. Bxf4 Nxf4 51. Nxf4 Qf2+ 52. Ne2 h5 53. b4 h4 54. b5 h3 55. a6 bxa6 56. bxa6 Qxg1 57. Nxg1 h2 58. a7 hxg1=Q 59. a8=Q Qf2+ 0-1

[Event "Turkish Super League 2019"]
[Site "Konya"]
[Date "2019.07.25"]
[Round "9"]
[White "Zeydan, Salih"]
[Black "Tasdogen, Dincer"]
[Result "0-1"]
[ECO "B30"]
[WhiteElo "2101"]
[BlackElo "2310"]
[Annotator "NA"]
[PlyCount "80"]
[EventDate "2019.07.17"]
[EventType "team-tourn"]
[EventCountry "TUR"]
[SourceTitle "playchess.com"]
[Source "ChessBase"]
[SourceQuality "1"]
[TimeControl "40/5400+30:1800+30"]

1. e4 c5 2. Nf3 Nc6 3. Bb5 e6 4. O-O Nge7 5. Re1 a6 6. Bf1 d5 7. d3 dxe4 8. dxe4 Qc7 9. Nbd2 Ng6 10. a4 Rb8 11. Nc4 b5 12. Na3 Na7 13. h4 h6 14. h5 Ne7 15. g3 g5 16. hxg6 Nxg6 17. e5 Be7 18. Bd3 c4 19. Be4 b4 20. Nb1 h5 21. Nbd2 Bd7 22. b3 c3 23. Nc4 Bc6 24. Bg5 Rd8 25. Nd6+ Kf8 26. Bxg6 fxg6 27. Nd4 Bd5 28. Qc1 Rh7 29. Re4 Kg8 30. Bxe7 Qxe7 31. Rf4 h4 32. g4 h3 33. f3 Rxd6 34. exd6 Qxd6 35. Ne2 g5 36. Rf6 Qe5 37. Rg6+ Kf7 38. Rxg5 h2+ 39. Kf2 h1=Q 40. Rxe5 Qxf3+ 0-1

[Event "Turkish Super League 2019"]
[Site "Konya"]
[Date "2019.07.25"]
[Round "9"]
[White "Korkmaz, Necmettin"]
[Black "Yuksel, Atilla Koksal"]
[Result "0-1"]
[ECO "B67"]
[WhiteElo "2078"]
[BlackElo "2241"]
[Annotator "ChessBase"]
[PlyCount "84"]
[EventDate "2019.07.17"]
[EventType "team-tourn"]
[EventCountry "TUR"]
[SourceTitle "playchess.com"]
[Source "ChessBase"]
[SourceQuality "1"]
[TimeControl "40/5400+30:1800+30"]

1. e4 c5 2. Nf3 Nc6 3. d4 cxd4 4. Nxd4 Nf6 5. Nc3 d6 6. Bg5 e6 7. Qd2 a6 8. O-O-O Bd7 9. f3 Be7 10. h4 h6 11. Be3 h5 12. Bg5 Ne5 13. Qe1 Qc7 14. f4 Neg4 15. Be2 b5 16. Bf3 Rc8 17. Rd2 g6 18. Kb1 b4 19. Nd1 e5 20. Ne2 Be6 21. Bxg4 Nxg4 22. Bxe7 Kxe7 23. Nc1 Qb6 24. Qg3 Rhd8 25. Re1 Kf8 26. Ne3 Rc3 27. Rd3 Rxd3 28. Nxd3 Nxe3 29. Rxe3 exf4 30. Nxf4 Qd4 31. Re1 Re8 32. Rf1 Bxa2+ 33. Ka1 Rxe4 34. Nxg6+ Ke8 35. Nf4 Bc4 36. Qg8+ Kd7 37. Nd3 Re8 38. Qg5 b3 39. Qf5+ Be6 40. Qa5 bxc2 41. Qxa6 Rb8 42. Rc1 Bd5 0-1

[Event "Turkish Super League 2019"]
[Site "Konya"]
[Date "2019.07.25"]
[Round "9"]
[White "Dolgun, Can"]
[Black "Kamer, Kayra"]
[Result "0-1"]
[ECO "B41"]
[WhiteElo "2064"]
[BlackElo "2340"]
[Annotator "NA RC"]
[PlyCount "64"]
[EventDate "2019.07.17"]
[EventType "team-tourn"]
[EventCountry "TUR"]
[SourceTitle "playchess.com"]
[Source "ChessBase"]
[SourceQuality "1"]
[TimeControl "40/5400+30:1800+30"]

1. e4 c5 2. Nf3 e6 3. d4 cxd4 4. Nxd4 a6 5. c4 Nf6 6. Nc3 Qc7 7. Be2 b6 8. Be3 Bb7 9. f3 Bd6 10. Qd2 Bxh2 11. Rxh2 Qg3+ 12. Kf1 Qxh2 13. Bf4 Qh4 14. Bg5 Qh5 15. e5 h6 16. Bf4 g5 17. Bg3 Qh1+ 18. Kf2 Ng4+ 19. fxg4 Qxg2+ 20. Ke3 Qxg3+ 21. Bf3 Qxe5+ 22. Kd3 Bxf3 23. Nxf3 Qd6+ 24. Kc2 Qxd2+ 25. Kxd2 Nc6 26. Ne4 Ke7 27. b3 f5 28. gxf5 exf5 29. Nc3 Kf7 30. a3 Rhe8 31. b4 Ne5 32. Nxe5+ Rxe5 0-1

[Event "Turkish Super League 2019"]
[Site "Konya"]
[Date "2019.07.25"]
[Round "10"]
[White "Inarkiev, Ernesto"]
[Black "Moiseenko, Vadim"]
[Result "1-0"]
[ECO "C70"]
[WhiteElo "2693"]
[BlackElo "2523"]
[Annotator "RC"]
[PlyCount "63"]
[EventDate "2019.07.17"]
[EventType "team-tourn"]
[EventCountry "TUR"]
[SourceTitle "playchess.com"]
[Source "ChessBase"]
[SourceQuality "1"]
[TimeControl "40/5400+30:1800+30"]

1. e4 e5 2. Nf3 Nc6 3. Bb5 a6 4. Ba4 b5 5. Bb3 Na5 6. O-O d6 7. d4 exd4 8. Re1 Ne7 9. Nxd4 c5 10. Nf5 Bxf5 11. exf5 c4 12. Nc3 f6 13. a4 cxb3 14. axb5 Kf7 15. bxa6 Nac6 16. Nd5 bxc2 17. Qxc2 Nxd5 18. Qxc6 Ne7 19. Rxe7+ Bxe7 20. Qd5+ Kf8 21. b4 g5 22. b5 Kg7 23. Be3 Qd7 24. b6 Rhb8 25. h4 Qc8 26. Qb5 h6 27. Bd4 Ra7 28. Qe2 Rd7 29. Qh5 Qe8 30. Qxe8 Rxe8 31. b7 d5 32. Rb1 1-0

[Event "Turkish Super League 2019"]
[Site "Konya"]
[Date "2019.07.25"]
[Round "10"]
[White "Romanov, Evgeny"]
[Black "Asadli, Vugar"]
[Result "1-0"]
[ECO "D00"]
[WhiteElo "2582"]
[BlackElo "2502"]
[Annotator "ChessBase"]
[PlyCount "65"]
[EventDate "2019.07.17"]
[EventType "team-tourn"]
[EventCountry "TUR"]
[SourceTitle "playchess.com"]
[Source "ChessBase"]
[SourceQuality "1"]
[TimeControl "40/5400+30:1800+30"]

1. d4 Nf6 2. Nf3 g6 3. Nc3 d5 4. Bf4 Bg7 5. e3 O-O 6. Nb5 Na6 7. h3 c6 8. Nc3 Nc7 9. Bd3 Nce8 10. Ne5 Nd6 11. h4 Nde4 12. Nxe4 dxe4 13. Bc4 Nd5 14. h5 g5 15. Bxg5 f6 16. h6 Bh8 17. f3 exf3 18. gxf3 fxg5 19. e4 Rf4 20. Qd2 e6 21. exd5 exd5 22. Bd3 Qf6 23. Rg1 g4 24. O-O-O Rxd4 25. c3 Ra4 26. Bc2 Rf4 27. Rde1 Be6 28. fxg4 Rf2 29. g5 Qf8 30. Bxh7+ Kxh7 31. g6+ Kg8 32. g7 Bxg7 33. Qe3 1-0

[Event "Turkish Super League 2019"]
[Site "Konya"]
[Date "2019.07.25"]
[Round "10"]
[White "Dimitrov, Radoslav"]
[Black "Can, Emre"]
[Result "0-1"]
[ECO "D00"]
[WhiteElo "2530"]
[BlackElo "2595"]
[Annotator "ChessBase"]
[PlyCount "112"]
[EventDate "2019.07.17"]
[EventType "team-tourn"]
[EventCountry "TUR"]
[SourceTitle "playchess.com"]
[Source "ChessBase"]
[SourceQuality "1"]
[TimeControl "40/5400+30:1800+30"]

1. d4 Nf6 2. Bg5 d5 3. Bxf6 gxf6 4. c4 dxc4 5. e3 c5 6. Bxc4 cxd4 7. exd4 Bg7 8. Nc3 O-O 9. Nge2 f5 10. Qd2 Nc6 11. Rd1 a6 12. O-O b5 13. Bd5 Qd6 14. a3 Bd7 15. Qg5 Rac8 16. Rfe1 Qg6 17. Qe3 Bh6 18. Qf3 Rfd8 19. Nf4 Qg4 20. Bxc6 Bxc6 21. Nfd5 Qxf3 22. Nxe7+ Kf8 23. gxf3 Bxf3 24. Rd3 Be4 25. Rh3 Bd2 26. Nxe4 fxe4 27. Rxe4 Re8 28. Nxc8 Rxe4 29. Rd3 Bc1 30. b4 Bb2 31. d5 Rd4 32. Rb3 Rd2 33. Kg2 f6 34. Kf3 Be5 35. Ke4 Rd4+ 36. Ke3 Rc4 37. f4 Bxf4+ 38. Kf3 Bxh2 39. Nb6 Rc7 40. a4 Ke7 41. Ke4 Kd6 42. Rh3 Bg1 43. Rf3 Re7+ 44. Kd3 Rf7 45. a5 Bxb6 46. axb6 Kxd5 47. b7 Rxb7 48. Rxf6 Ra7 49. Rb6 Ke5 50. Ke3 Kf5 51. Kf3 Kg5 52. Kg3 Rc7 53. Rxa6 Rc3+ 54. Kf2 Rb3 55. Ra7 h5 56. Rg7+ Kh4 0-1

[Event "Turkish Super League 2019"]
[Site "Konya"]
[Date "2019.07.25"]
[Round "10"]
[White "Atalik, Ekaterina"]
[Black "Mammadzada, Gunay"]
[Result "1-0"]
[ECO "E42"]
[WhiteElo "2459"]
[BlackElo "2427"]
[Annotator "ChessBase"]
[PlyCount "71"]
[EventDate "2019.07.17"]
[EventType "team-tourn"]
[EventCountry "TUR"]
[SourceTitle "playchess.com"]
[Source "ChessBase"]
[SourceQuality "1"]
[TimeControl "40/5400+30:1800+30"]

1. d4 Nf6 2. c4 e6 3. Nc3 Bb4 4. e3 c5 5. Nge2 cxd4 6. exd4 O-O 7. a3 Be7 8. Nf4 d6 9. Be2 Nc6 10. d5 Ne5 11. O-O Re8 12. b3 Bf8 13. Bb2 a6 14. Re1 Bd7 15. Nh5 Nxh5 16. Bxh5 b5 17. dxe6 Rxe6 18. f4 Ng6 19. Rxe6 Qb6+ 20. Kh1 fxe6 21. f5 Qf2 22. Qf3 Qxb2 23. Rb1 Qc2 24. fxg6 hxg6 25. Qxa8 gxh5 26. Rf1 Qxc3 27. Qxf8+ Kh7 28. Qxd6 Be8 29. Qxe6 Bg6 30. cxb5 axb5 31. Qd5 h4 32. h3 b4 33. axb4 Qxb4 34. Qc4 Qe7 35. b4 Qd8 36. Rf4 1-0

[Event "Turkish Super League 2019"]
[Site "Konya"]
[Date "2019.07.25"]
[Round "10"]
[White "Soysal, Serkan"]
[Black "Rozum, Ivan"]
[Result "0-1"]
[ECO "E62"]
[WhiteElo "2431"]
[BlackElo "2583"]
[Annotator "ChessBase"]
[PlyCount "106"]
[EventDate "2019.07.17"]
[EventType "team-tourn"]
[EventCountry "TUR"]
[SourceTitle "playchess.com"]
[Source "ChessBase"]
[SourceQuality "1"]
[TimeControl "40/5400+30:1800+30"]

1. d4 Nf6 2. c4 d6 3. Nf3 g6 4. Nc3 Bf5 5. g3 Bg7 6. Bg2 Ne4 7. Bd2 Nxd2 8. Qxd2 O-O 9. h4 c5 10. h5 Nc6 11. hxg6 Bxg6 12. d5 Na5 13. b3 a6 14. Rc1 b5 15. Ng5 bxc4 16. bxc4 h6 17. Nf3 Nxc4 18. Qf4 Qa5 19. Qxc4 Rfb8 20. a3 Qxa3 21. O-O Rb4 22. Qa2 Qxa2 23. Nxa2 Rb2 24. Nc3 a5 25. Nh4 a4 26. Nxg6 fxg6 27. Be4 Kf7 28. Bb1 a3 29. Na2 Rxe2 30. Rc2 Rxc2 31. Bxc2 Rb8 32. Rb1 Bb2 33. Kf1 g5 34. Re1 Bd4 35. Rb1 Rb2 36. Rxb2 axb2 37. g4 Kf6 38. f3 Ke5 39. Be4 Kf4 40. Ke2 h5 41. gxh5 g4 42. Kf1 gxf3 43. Bb1 Ke5 44. h6 Kxd5 45. h7 Kc4 46. Bc2 d5 47. Ke1 Bg7 48. Kf2 d4 49. Kxf3 d3 50. Bb1 Kd4 51. Kf2 e5 52. Kf3 e4+ 53. Kf2 Bf6 0-1

[Event "Turkish Super League 2019"]
[Site "Konya"]
[Date "2019.07.25"]
[Round "10"]
[White "Szczepkowska, Karina"]
[Black "Osmak, Iulija"]
[Result "1/2-1/2"]
[ECO "D14"]
[WhiteElo "2425"]
[BlackElo "2395"]
[Annotator "NA"]
[PlyCount "57"]
[EventDate "2019.07.17"]
[EventType "team-tourn"]
[EventCountry "TUR"]
[SourceTitle "playchess.com"]
[Source "ChessBase"]
[SourceQuality "1"]
[TimeControl "40/5400+30:1800+30"]

1. d4 d5 2. c4 c6 3. cxd5 cxd5 4. Nc3 Nc6 5. Nf3 Nf6 6. Bf4 Bf5 7. e3 e6 8. Bd3 Bxd3 9. Qxd3 Bd6 10. Bxd6 Qxd6 11. O-O O-O 12. Rfc1 Rfc8 13. h3 h6 14. a3 a6 15. Rc2 Rc7 16. Rac1 Rac8 17. Na4 Nd7 18. Nc5 Nxc5 19. Rxc5 Nb8 20. Rxc7 Rxc7 21. Rxc7 Qxc7 22. Qb3 Nd7 23. Qb4 Qc1+ 24. Kh2 Qc7+ 25. Kg1 Qc1+ 26. Kh2 Qc7+ 27. Kg1 Qc1+ 28. Kh2 Qc7+ 29. Kh1 1/2-1/2

[Event "Turkish Super League 2019"]
[Site "Konya"]
[Date "2019.07.25"]
[Round "10"]
[White "Kerigan, Demre"]
[Black "Safarli, Eltaj"]
[Result "0-1"]
[ECO "C28"]
[WhiteElo "2398"]
[BlackElo "2608"]
[Annotator "RC"]
[PlyCount "70"]
[EventDate "2019.07.17"]
[EventType "team-tourn"]
[EventCountry "TUR"]
[SourceTitle "playchess.com"]
[Source "ChessBase"]
[SourceQuality "1"]
[TimeControl "40/5400+30:1800+30"]

1. e4 e5 2. Bc4 Nf6 3. d3 Nc6 4. Nc3 Na5 5. Nge2 Be7 6. a4 Nxc4 7. dxc4 d6 8. O-O O-O 9. b3 Be6 10. Qd3 c6 11. Ba3 Qc7 12. Rfd1 Rad8 13. Qf3 Ne8 14. Qe3 a6 15. Rd3 f5 16. exf5 Bxf5 17. Rd2 h6 18. Ne4 Bxe4 19. Qxe4 d5 20. Bxe7 dxe4 21. Bxd8 Qf7 22. Bb6 Nf6 23. Ng3 h5 24. Re1 Qg6 25. h3 Rf7 26. Rde2 h4 27. Nxe4 Nh5 28. Re3 Nf4 29. g4 hxg3 30. Rxg3 Qh5 31. Kh2 Ne6 32. Reg1 Rf3 33. Re1 Rxg3 34. fxg3 Qf3 35. Bf2 Ng5 0-1

[Event "Turkish Super League 2019"]
[Site "Konya"]
[Date "2019.07.25"]
[Round "10"]
[White "Yurtseven, Melih"]
[Black "Zeydan, Salih"]
[Result "1-0"]
[ECO "A38"]
[WhiteElo "2381"]
[BlackElo "2101"]
[Annotator "NA"]
[PlyCount "95"]
[EventDate "2019.07.17"]
[EventType "team-tourn"]
[EventCountry "TUR"]
[SourceTitle "playchess.com"]
[Source "ChessBase"]
[SourceQuality "1"]
[TimeControl "40/5400+30:1800+30"]

1. Nf3 Nf6 2. g3 g6 3. c4 c5 4. Bg2 Nc6 5. O-O d6 6. b3 Bg7 7. Bb2 O-O 8. Nc3 Rb8 9. e3 a6 10. d4 b5 11. dxc5 dxc5 12. Qe2 Qa5 13. h3 bxc4 14. Nd2 Qc7 15. Nxc4 Na5 16. Na4 Be6 17. Nxa5 Qxa5 18. Bc3 Qc7 19. Qxa6 Bd7 20. Rfc1 Bb5 21. Qa5 Qxa5 22. Bxa5 c4 23. Bc3 cxb3 24. axb3 Nd7 25. Bxg7 Kxg7 26. Rc7 Rfc8 27. Rac1 Rxc7 28. Rxc7 e6 29. Nc3 Nf6 30. b4 Bd3 31. Bb7 Ne8 32. Rd7 Bc2 33. b5 Nf6 34. Rd2 Rxb7 35. Rxc2 Nd7 36. Rb2 Nb6 37. g4 Rc7 38. Ne2 e5 39. Ng3 Rc4 40. Kg2 Kf6 41. Kf3 h6 42. h4 Ke6 43. h5 f5 44. hxg6 Rxg4 45. e4 Rf4+ 46. Ke2 fxe4 47. Rc2 Kd7 48. Nh5 1-0

[Event "Turkish Super League 2019"]
[Site "Konya"]
[Date "2019.07.25"]
[Round "10"]
[White "Buksa, Nataliya"]
[Black "Daulyte-Cornette, Deimante"]
[Result "1-0"]
[ECO "C77"]
[WhiteElo "2379"]
[BlackElo "2444"]
[Annotator "NA"]
[PlyCount "73"]
[EventDate "2019.07.17"]
[EventType "team-tourn"]
[EventCountry "TUR"]
[SourceTitle "playchess.com"]
[Source "ChessBase"]
[SourceQuality "1"]
[TimeControl "40/5400+30:1800+30"]

1. e4 e5 2. Nf3 Nc6 3. Bb5 a6 4. Ba4 Nf6 5. Nc3 b5 6. Bb3 Bc5 7. d3 d6 8. Nd5 h6 9. c3 Rb8 10. h3 Ba7 11. O-O O-O 12. Be3 Bxe3 13. Nxf6+ Qxf6 14. fxe3 Qe7 15. Qe1 Be6 16. Nh4 Bxb3 17. axb3 Ra8 18. Nf5 Qd8 19. Qg3 Qg5 20. Rf3 Kh8 21. Qf2 g6 22. Rg3 Qh5 23. Ne7 Nxe7 24. Qf6+ Kg8 25. Qxe7 Qe2 26. Rf1 Rae8 27. Qxc7 Qxd3 28. Qb7 Rb8 29. Qxa6 Qxe4 30. Qxd6 Rbd8 31. Qb6 Rb8 32. Qf6 Rbd8 33. Kh2 Kh7 34. Qe7 Kg7 35. Rgf3 Qd5 36. c4 bxc4 37. e4 1-0

[Event "Turkish Super League 2019"]
[Site "Konya"]
[Date "2019.07.25"]
[Round "10"]
[White "Arat, Ufuk Sezen"]
[Black "Gholami, Aryan"]
[Result "0-1"]
[ECO "D30"]
[WhiteElo "2376"]
[BlackElo "2532"]
[Annotator "ChessBase"]
[PlyCount "120"]
[EventDate "2019.07.17"]
[EventType "team-tourn"]
[EventCountry "TUR"]
[SourceTitle "playchess.com"]
[Source "ChessBase"]
[SourceQuality "1"]
[TimeControl "40/5400+30:1800+30"]

1. d4 d5 2. c4 e6 3. g3 dxc4 4. Qa4+ Bd7 5. Qxc4 Bc6 6. Nf3 Bxf3 7. exf3 c6 8. Nc3 Ne7 9. Bd3 g6 10. Bg5 Bg7 11. Ne4 h6 12. Be3 Nf5 13. O-O-O O-O 14. Bc2 Qd5 15. Qa4 Nd7 16. Bb3 Nb6 17. Qb4 Qd8 18. h4 a5 19. Qd2 a4 20. Bc2 Qd5 21. Kb1 Nc4 22. Qe2 e5 23. Nc3 Qe6 24. Bxf5 Qxf5+ 25. Qd3 Nxe3 26. fxe3 Qxf3 27. h5 exd4 28. exd4 Qxd3+ 29. Rxd3 a3 30. b4 Rfd8 31. hxg6 fxg6 32. Rhd1 Ra6 33. Kc2 Rb6 34. Kb3 Bf8 35. b5 cxb5 36. d5 Rf6 37. Ne4 Rf5 38. Nc3 b4 39. Ne4 Re8 40. Nd2 b5 41. d6 Rc5 42. Kxb4 Rc6 43. Kxb5 Rxd6 44. Rxd6 Bxd6 45. Nc4 Bf8 46. Rd3 Rb8+ 47. Nb6 h5 48. Kc6 Re8 49. Nd7 Re6+ 50. Kc7 Be7 51. Nb6 Re2 52. Nd5 Bf8 53. Nc3 Rb2 54. Kd7 Bg7 55. Ke6 Kh7 56. Ne4 Re2 57. Kd5 Rxa2 58. Ng5+ Kg8 59. Kc4 Bf6 60. Kb3 Re2 0-1

[Event "Turkish Super League 2019"]
[Site "Konya"]
[Date "2019.07.25"]
[Round "10"]
[White "Tanriverdi, Enes"]
[Black "Sevgi, Volkan"]
[Result "0-1"]
[ECO "A80"]
[WhiteElo "2374"]
[BlackElo "2302"]
[Annotator "NA"]
[PlyCount "59"]
[EventDate "2019.07.17"]
[EventType "team-tourn"]
[EventCountry "TUR"]
[SourceTitle "playchess.com"]
[Source "ChessBase"]
[SourceQuality "1"]
[TimeControl "40/5400+30:1800+30"]

1. Nf3 d6 2. d4 f5 3. Nc3 Nf6 4. Bg5 Nbd7 5. Qd3 g6 6. h4 h6 7. Bd2 c5 8. d5 Ng4 9. h5 Nde5 10. Nxe5 Nxe5 11. Qg3 g5 12. f4 Nc4 13. Bc1 e5 14. e4 exf4 15. Bxf4 Qf6 16. Bxc4 gxf4 17. Qxf4 a6 18. exf5 b5 19. Be2 Qxf5 20. O-O Qxf4 21. Rxf4 Bg7 22. Raf1 Ra7 23. Bd3 Re7 24. a4 b4 25. Ne4 Be5 26. Rf6 c4 27. Bxc4 Bd4+ 28. Kh2 Rxe4 29. Bd3 Rh4+ 30. Kg3 0-1

[Event "Turkish Super League 2019"]
[Site "Konya"]
[Date "2019.07.25"]
[Round "10"]
[White "Tarlabasi, Emirhan"]
[Black "Ozen, Bahadir"]
[Result "1/2-1/2"]
[ECO "E60"]
[WhiteElo "2352"]
[BlackElo "2366"]
[Annotator "NA"]
[PlyCount "59"]
[EventDate "2019.07.17"]
[EventType "team-tourn"]
[EventCountry "TUR"]
[SourceTitle "playchess.com"]
[Source "ChessBase"]
[SourceQuality "1"]
[TimeControl "40/5400+30:1800+30"]

1. d4 Nf6 2. c4 g6 3. Nf3 Bg7 4. e3 O-O 5. Be2 c5 6. d5 b5 7. cxb5 a6 8. bxa6 Bxa6 9. Nc3 d6 10. O-O Nbd7 11. e4 Qb6 12. a4 Rfb8 13. Re1 Ne8 14. Ra2 Qb3 15. Ra3 Qxd1 16. Nxd1 Rb4 17. Bxa6 Rxa6 18. a5 Rb5 19. Bd2 Bxb2 20. Nxb2 Rxb2 21. Bc3 Rb8 22. Nd2 Nc7 23. Nc4 f5 24. f3 fxe4 25. fxe4 Nb5 26. Rb3 Nxc3 27. Rxc3 Kg7 28. h3 Nf6 29. Kh2 h6 30. Rc2 1/2-1/2

[Event "Turkish Super League 2019"]
[Site "Konya"]
[Date "2019.07.25"]
[Round "10"]
[White "Apaydin, Fethi"]
[Black "Demircioglu, Emre"]
[Result "1/2-1/2"]
[ECO "A07"]
[WhiteElo "2310"]
[BlackElo "2242"]
[Annotator "NA"]
[PlyCount "31"]
[EventDate "2019.07.17"]
[EventType "team-tourn"]
[EventCountry "TUR"]
[SourceTitle "playchess.com"]
[Source "ChessBase"]
[SourceQuality "1"]
[TimeControl "40/5400+30:1800+30"]

1. g3 d5 2. Bg2 Nf6 3. Nf3 g6 4. O-O Bg7 5. d3 O-O 6. Nbd2 Nc6 7. e4 e5 8. c3 a5 9. exd5 Nxd5 10. a4 Re8 11. Re1 h6 12. Nc4 Bf5 13. Nh4 Be6 14. Nf3 Bf5 15. Nh4 Be6 16. Nf3 1/2-1/2